 Dungeon Crawl Stone Soup version 0.27-a0-1591-gc56fcc985a (webtiles) character file.

Game seed: 15361748134933219789

3735 Mitsuki the Protected (level 9, 0/83 HPs)
             Began as a Minotaur Fighter on July 19, 2021.
             Was an Initiate of Yredelemnul.
             Slain by a two-headed ogre (9 damage)
             ... on level 8 of the Dungeon.
             The game lasted 00:15:23 (8332 turns).

Mitsuki the Protected (Minotaur Fighter)            Turns: 8332, Time: 00:15:24

Health: 0/83       AC: 15    Str: 24    XL:     9   Next: 93%
Magic:  9/9        EV:  6    Int:  5    God:    Yredelemnul [......]
Gold:   505        SH: 12    Dex: 16    Spells: 8/8 levels left

rFire    . . .     SeeInvis .   a - +0 long sword
rCold    + . .     Faith    .   c - +0 kite shield
rNeg     . . .     Spirit   .   n - +0 plate armour
rPois    .         Reflect  .   (helmet restricted)
rElec    .         Harm     .   (no cloak)
rCorr    .         Rampage  .   l - +0 pair of gloves
Will     .....                  (no boots)
Stlth    ..........             (no amulet)
HPRegen  0.23/turn              k - ring of protection from cold
MPRegen  0.11/turn              r - +6 ring of dexterity

@: no status effects
A: horns 2, retaliatory headbutt
a: Renounce Religion


You were on level 8 of the Dungeon.
You worshipped Yredelemnul.
Yredelemnul was noncommittal.
You visited 2 branches of the dungeon, and saw 9 of its levels.

You collected 505 gold pieces.

Inventory:

Hand Weapons
 a - a +0 long sword (weapon)
Missiles
 b - 2 throwing nets (quivered)
Armour
 c - a +0 kite shield (worn)
 l - a +0 pair of gloves (worn)
 n - a +0 plate armour (worn)
Jewellery
 k - a ring of protection from cold (left hand)
 o - an amulet of magic regeneration
 r - a +6 ring of dexterity (right hand)
 B - a ring of resist corrosion
Wands
 q - a wand of flame (6)
 t - a wand of acid (7)
Scrolls
 f - 9 scrolls of identify {unknown}
 g - 2 scrolls of vulnerability {unknown}
 i - a scroll of acquirement {unknown}
 j - a scroll of blinking {unknown}
 p - a scroll of immolation {unknown}
 u - a scroll of fear {unknown}
 v - a scroll of teleportation {unknown}
 x - 3 scrolls of enchant weapon {unknown}
 y - a scroll of magic mapping {unknown}
 A - a scroll of amnesia {unknown}
Potions
 d - a potion of magic {unknown}
 e - 3 potions of flight {unknown}
 h - 2 potions of degeneration {unknown}
 m - 5 potions of lignification {unknown}
 s - 2 potions of curing {unknown}
 w - a potion of cancellation {unknown}
 z - a potion of attraction {unknown}


   Skills:
 + Level 9.2 Fighting
 + Level 8.8 Long Blades
 + Level 9.2 Armour
 + Level 9.2 Shields
 * Level 2.2 Invocations


You had 8 spell levels left.
You didn't know any spells.
Your spell library contained the following spells:

 Spells                   Type           Power      Damage    Failure   Level
 Poisonous Vapours        Pois/Air       0%         N/A       100%        2
 Slow                     Hex            0%         N/A       100%        2
 Confusing Touch          Hex            0%         N/A       100%        3
 Mephitic Cloud           Conj/Pois/Air  0%         N/A       100%        3
 Vampiric Draining        Necr           0%         2d6       100%        3
 Olgreb's Toxic Radiance  Pois           0%         N/A       100%        4
 Alistair's Intoxication  Tmut/Pois      0%         N/A       100%        5
 Borgnjor's Vile Clutch   Necr/Erth      0%         N/A       100%        5
 Fireball                 Conj/Fire      0%         3d3       100%        5
 Freezing Cloud           Conj/Ice/Air   0%         6-21      100%        5
 Iskenderun's Battlesphe  Conj           0%         2d6       100%        5
 Conjure Ball Lightning   Conj/Air       0%         3x3d6     100%        6
 Eringya's Noxious Bog    Tmut/Pois      0%         N/A       100%        6
 Orb of Destruction       Conj           0%         N/A       100%        7
 Ozocubu's Refrigeration  Ice            0%         4d5       100%        7
 Ignition                 Fire           0%         3d3       100%        8


Dungeon Overview and Level Annotations

Branches:
Dungeon (8/15)             Temple (1/1) D:7
   Lair: D:8-11

Altars:
Ashenzari
Cheibriados
Dithmenos
Elyvilon
Fedhas
Gozag
Hepliaklqana
Kikubaaqudgha
Makhleb
Nemelex Xobeh
Qazlal
Sif Muna
Trog
Uskayaw
Vehumet
Xom
Yredelemnul
Zin
The Shining One


Innate Abilities, Weirdness & Mutations

You have a pair of horns on your head.
You reflexively headbutt those who attack you in melee.


Message History

You completely miss the two-headed ogre.
You barely miss the two-headed ogre. You block the two-headed ogre's attack.
The two-headed ogre hits you with a +0 giant club.
You take 4 damage, and have 72/83 hp.
Your plate armour prevents you from hitting the two-headed ogre.
You headbutt the two-headed ogre!
The two-headed ogre is moderately wounded.
The two-headed ogre hits you with a +0 giant club!
You block the two-headed ogre's attack.
You take 12 damage, and have 60/83 hp.
You hit the two-headed ogre but do no damage.
The two-headed ogre is moderately wounded.
The two-headed ogre hits you with a +0 giant club!!
You block the two-headed ogre's attack.
You take 24 damage, and have 36/83 hp.
MASSIVE DAMAGE!!
You slash the two-headed ogre!
The two-headed ogre is moderately wounded.
The two-headed ogre barely misses you.
You riposte.
You hit the two-headed ogre but do no damage.
Your headbutt misses the two-headed ogre.
The two-headed ogre is moderately wounded.
The two-headed ogre hits you with a +0 giant club!
You take 9 damage, and have 27/83 hp.
You hit the two-headed ogre.
The two-headed ogre is heavily wounded.
You slash the two-headed ogre!
You headbutt the two-headed ogre, but do no damage.
The two-headed ogre is heavily wounded.
The two-headed ogre completely misses you.
You block the two-headed ogre's attack.
You slash the two-headed ogre! You headbutt the two-headed ogre.
The two-headed ogre is severely wounded.
You block the two-headed ogre's attack. x2
You completely miss the two-headed ogre.
The two-headed ogre is severely wounded.
The two-headed ogre hits you with a +0 giant club!!
* * * LOW HITPOINT WARNING * * *
The two-headed ogre hits you with a +0 giant club!
You die...
Your body rises from the dead as a mindless zombie.

########.#.....######
.........).....).....
.........#.#....#####
.#########.#.##.#####
................)...
.....#.#.#.##.#####
####.##.#.#.##.#
#..)O.#.#.#.##.#
#.#@..(.#.#.##.#
#O#######.#.##.#
#............#.##.#
#.......######.##.#
#.......# #.#
#..###### #.# #..
#.##.#
...###########.##.#
##.##...........##.#


You could see a two-headed ogre.

Vanquished Creatures
  A two-headed ogre (D:7)
  A hornet (D:8)
  Grinder (D:5)
  Sigmund (D:5)
  A steam dragon (D:7)
  Menkaure (D:5)
  Edmund (D:6)
  Duvessa (D:4)
  An orc warrior (D:7)
  2 black bears
  2 sky beasts (D:7)
  An ice beast (D:6)
  A centaur (D:8)
  An ogre (D:4)
  2 phantoms
  A kobold brigand (D:6)
  A bullfrog (D:5)
  Dowan (D:4)
  3 scorpions
  A water moccasin skeleton (D:5)
  A wyvern skeleton (D:7)
  3 howler monkeys
  3 centaur zombies (D:5)
  2 bullfrog zombies
  2 centaur skeletons
  3 bullfrog skeletons (D:5)
  3 iguanas
  An orc wizard (D:7)
  A scorpion zombie (D:5)
  A hound zombie (D:5)
  2 hound skeletons (D:4)
  A howler monkey zombie (D:5)
  A howler monkey skeleton (D:4)
  7 gnolls
  3 adders
  2 shadow imps
  An ufetubus (D:6)
  A worm (D:3)
  2 dart slugs
  16 orcs
  4 ball pythons
  9 endoplasms
  4 giant cockroaches
  3 goblins
  6 hobgoblins
  5 jackals
  3 quokkas
  5 bats
  2 frilled lizards (D:2)
  9 kobolds
  5 rats
136 creatures vanquished.

Notes
Turn   | Place    | Note
-------+----------+-------------------------------------------
     0 | D:1      | Mitsuki the Minotaur Fighter began the quest for the Orb.
     0 | D:1      | Reached XP level 1. HP: 19/19 MP: 0/0
   404 | D:1      | Reached XP level 2. HP: 21/27 MP: 1/1
   870 | D:1      | Found a faded altar of an unknown god.
  1277 | D:2      | Reached XP level 3. HP: 33/33 MP: 2/2
  2518 | D:3      | Reached XP level 4. HP: 38/40 MP: 3/3
  3222 | D:4      | Noticed an ogre
  3232 | D:4      | Killed an ogre
  3233 | D:4      | Reached XP level 5. HP: 47/47 MP: 4/4
  3325 | D:4      | Reached skill level 5 in Armour
  3335 | D:4      | Reached skill level 5 in Shields
  3347 | D:4      | Reached skill level 5 in Fighting
  3611 | D:4      | Noticed a phantom
  3624 | D:4      | Killed a phantom
  3625 | D:4      | Reached XP level 6. HP: 56/56 MP: 5/5
  4039 | D:4      | Reached skill level 5 in Long Blades
  4039 | D:4      | Reached XP level 7. HP: 62/62 MP: 6/6
  4042 | D:4      | Noticed Duvessa
  4042 | D:4      | Noticed Dowan
  4084 | D:4      | Killed Duvessa
  4093 | D:4      | Killed Dowan
  4209 | D:5      | Entered Level 5 of the Dungeon
  4333 | D:5      | Noticed Menkaure
  4345 | D:5      | Killed Menkaure
  4346 | D:5      | Reached XP level 8. HP: 11/71 MP: 7/7
  4666 | D:5      | Noticed Sigmund
  4693 | D:5      | Killed Sigmund
  4820 | D:5      | Noticed Grinder
  4824 | D:5      | Paralysed by Grinder for 4 turns
  4832 | D:5      | Paralysed by Grinder for 7 turns
  4846 | D:5      | Paralysed by Grinder for 6 turns
  4852 | D:5      | Killed Grinder
  5819 | D:6      | Noticed Edmund
  5848 | D:6      | Killed Edmund
  6026 | D:6      | Reached XP level 9. HP: 69/81 MP: 8/8
  6501 | D:7      | Found a stormy altar of Qazlal.
  6659 | D:7      | Noticed a two-headed ogre
  6676 | D:7      | Killed a two-headed ogre
  6947 | D:7      | Found a staircase to the Ecumenical Temple.
  6968 | Temple   | Entered the Ecumenical Temple
  7238 | Temple   | Became a worshipper of Yredelemnul the Dark
  7547 | D:7      | Reached skill level 1 in Invocations
  8005 | D:8      | Noticed a two-headed ogre
  8332 | D:8      | Slain by a two-headed ogre

Illustrated notes

Levels and vault maps discovered:
D:1:      lemuel_arrival_behind_the_door_small, layout_basic,
          basic_ecumenical_altar
D:2:      layout_loops_ring, grunt_ministairs_5, solitary_fountain,
          kennysheep_generic_room_10
D:3:      layout_loops_corners
D:4:      layout_rooms, uniq_duvessa
D:5:      layout_rooms, serial_undead, serial_undead_f, serial_undead_b,
          serial_undead_f, serial_undead_d, uniq_grinder, uniq_menkaure,
          uniq_sigmund
D:6:      layout_rooms, uniq_edmund
D:7:      layout_basic, grunt_qazlal_clouds, minmay_temple_entry_grid,
          amcnicky_mini_pool_small, minmay_misc_feat_rugged
D:8:      layout_basic, uniq_maggie
Temple:   eino_narrow_crystal_temple

Skill      XL: |  1  2  3  4  5  6  7  8  9 |
---------------+----------------------------+-----
Shields        | 4 5 6 7 9 |  9.2
Fighting       | 4 5 6 7 9 |  9.2
Armour         | 4 5 6 7 9 |  9.2
Long Blades    | 3 4 5 6 7 8 |  8.8
Invocations    | 2 |  2.2

Action                   |  1- 3 |  4- 6 |  7- 9 || total
-------------------------+-------+-------+-------++-------
Melee: Long sword        |   113 |    99 |   280 ||   492
       Headbutt          |    13 |    18 |    82 ||   113
  Use: Potion            |       |     1 |       ||     1
Armor: Scale mail        |    44 |       |       ||    44
       Plate armour      |       |    66 |   142 ||   208
Dodge: Dodged            |    35 |     9 |    54 ||    98
Block: Kite shield       |    56 |    56 |   141 ||   253
       Rpst.: Long sword |     6 |     1 |     6 ||    13

Table legend: (Time is in decaauts)
 A = Elapsed time spent in this place.
 B = Non-inter-level travel time spent in this place.
 C = Inter-level travel time spent in this place.
 D = Time resting spent in this place.
 E = Time spent auto-exploring this place.
 F = Levels seen in this place.
 G = Mean time per level.
                   A        B        C        D        E       F      G
               +--------+--------+--------+--------+--------+-----+--------+
         Total |   8482 |   8236 |    246 |    594 |   6424 |   9 |  942.4 |
       Dungeon |   8197 |   7985 |    212 |    594 |   6174 |   8 | 1024.6 |
        Temple |    285 |    251 |     34 |      0 |    250 |   1 |  285.0 |
               +--------+--------+--------+--------+--------+-----+--------+

Top non-repeatable levels by time:
     D:7: 1352 daAuts
     D:3: 1315 daAuts
     D:5: 1198 daAuts
     D:1: 1137 daAuts
     D:4: 1064 daAuts
     D:6: 1000 daAuts
     D:2: 789 daAuts
     D:8: 339 daAuts
  Temple: 285 daAuts
